AoeStats
← Dani Mocanu

Arabia

509121255Analyzed
4v4 RM · 8d ago on Sep 25, 2026· 58m 32s· 8 players
Game mode
Random Map
Map size
Large (8 player)
Population
200
Speed
Normal
Resources
Standard
Victory
Conquest
Starting age
Dark Age
Ending age
Imperial Age
RankedLock teamsTeams togetherTeam positionsShared explorationLock speedFull tech treeHidden civsTurbo modeCheats
Victory
Defeat
🇩🇪 Persians · Germany
779
+11
🇦🇷 Huns · Argentina
750
+12
🇷🇴 Danes · Romania
720
+13
🇰🇷 Portuguese · South Korea
652
+16
🇹🇷 Khmer · Türkiye
676
-14
🇫🇮 Celts · Finland
668
-13
🇻🇳 Lithuanians · Vietnam
667
-13
🇬🇧 Slavs · United Kingdom
630
-12
NebulaTR
0:43 Loom
13:55 Feudal Age
15:22 Wheelbarrow
16:06 Double-Bit Axe
16:58 Horse Collar
21:47 Castle Age
19:53 Man-at-Arms
22:22 Bloodlines
22:03 Arson
23:40 Stone Mining
24:07 Heavy Plow
24:04 Elite Skirmisher
25:42 Bow Saw
27:55 Hand Cart
30:24 Padded Archer Armor
30:24 Scale Mail Armor
30:15 Fletching
30:31 Scale Barding Armor
31:04 Husbandry
32:26 Stone Shaft Mining
31:43 Gold Mining
35:00 Gold Shaft Mining
34:34 Long Swordsman
34:39 Light Cavalry
35:37 Crossbowman
38:31 Forging
38:18 Bodkin Arrow
40:44 Fortified Wall
42:50 Tusk Swords
50:09 Imperial Age
49:31 Leather Archer Armor
49:36 Chain Barding Armor
49:32 Chain Mail Armor
49:53 Iron Casting
48:52 Pikeman
52:02 Crop Rotation
53:04 Plate Barding Armor
53:55 Parthian Tactics
Tie
10:17 Feudal Age
10:55 Double-Bit Axe
13:36 Loom
18:16 Castle Age
16:06 Horse Collar
16:47 Gold Mining
19:27 Bow Saw
19:37 Heavy Plow
22:06 Forging
24:20 Wheelbarrow
24:28 Scale Barding Armor
27:42 Chain Barding Armor
28:57 Bloodlines
29:10 Hand Cart
28:51 Stone Mining
31:19 Iron Casting
35:53 Imperial Age
34:38 Husbandry
34:45 Fletching
37:21 Plate Barding Armor
37:43 Elite Leitis
38:23 Bodkin Arrow
43:26 Chemistry
45:03 Bracer
46:33 Stone Shaft Mining
48:41 Conscription
49:49 Scale Mail Armor
50:39 Pikeman
51:20 Squires
jyri.hyppanen
15:04 Feudal Age
16:23 Wheelbarrow
15:42 Double-Bit Axe
15:41 Horse Collar
15:57 Gold Mining
15:58 Stone Mining
21:37 Castle Age
20:23 Forging
20:14 Scale Mail Armor
22:35 Hand Cart
22:22 Heavy Plow
22:36 Bow Saw
23:08 Gold Shaft Mining
23:51 Iron Casting
23:22 Fletching
24:15 Chain Mail Armor
28:53 Arson
32:12 Imperial Age
32:16 Bodkin Arrow
33:05 Murder Holes
33:03 Elite Woad Raider
34:12 Ballistics
34:52 Conscription
35:10 Plate Mail Armor
36:24 Blast Furnace
35:31 Loom
37:24 Stronghold
38:39 Chemistry
HolyKanolie
1:01 Loom
15:24 Feudal Age
16:58 Wheelbarrow
16:09 Town Watch
16:10 Horse Collar
16:18 Double-Bit Axe
18:32 Stone Mining
24:12 Castle Age
23:07 Gold Mining
25:47 Bow Saw
25:58 Heavy Plow
28:46 Masonry
28:56 Guard Tower
29:44 Fletching
30:35 Murder Holes
31:02 Ballistics
32:41 Detinets
32:40 Bodkin Arrow
40:37 Hand Cart
41:35 Town Patrol
45:46 Imperial Age
44:02 Light Cavalry
44:53 Bloodlines
44:44 Husbandry
46:44 Scale Barding Armor
46:50 Forging
47:16 Conscription
46:59 Druzhina
47:35 Hoardings
46:22 Elite Boyar
49:07 Crop Rotation
49:42 Two-Man Saw
49:22 Iron Casting
49:08 Chain Barding Armor
49:30 Gold Shaft Mining
49:12 Scale Mail Armor
49:13 Padded Archer Armor
48:57 Hussar
51:44 Plate Barding Armor
52:10 Blast Furnace
51:20 Siege Engineers
AlandorH
10:53 Feudal Age
9:11 Loom
10:57 Feudal Age
13:06 Double-Bit Axe
22:16 Castle Age
20:32 Scale Barding Armor
20:32 Gold Mining
20:33 Stone Mining
20:36 Gold Mining
21:31 Forging
30:10 Iron Casting
30:52 Chain Barding Armor
31:41 Fletching
32:42 Masonry
33:23 Bloodlines
33:56 Husbandry
34:52 Horse Collar
37:32 Wheelbarrow
38:32 Marauders
39:43 Gold Shaft Mining
38:56 Town Watch
41:28 Thumb Ring
47:47 Imperial Age
46:02 Bodkin Arrow
46:08 Padded Archer Armor
47:48 Ballistics
47:46 Leather Archer Armor
48:34 Bow Saw
49:53 Parthian Tactics
48:49 Heavy Cavalry Archer
50:04 Conscription
49:54 Heavy Plow
51:00 Chemistry
52:09 Plate Barding Armor
51:36 Bracer
52:05 Light Cavalry
53:51 Blast Furnace
53:57 Cavalier
H3x0rR
12:51 Feudal Age
16:07 Double-Bit Axe
20:37 Man-at-Arms
25:15 Castle Age
34:10 Scale Mail Armor
39:11 Stone Mining
39:14 Gold Mining
43:16 Horse Collar
44:05 Forging
45:37 Bow Saw
46:59 Fletching
54:14 Wheelbarrow
54:31 Iron Casting
58:34 Imperial Age
57:06 Ballistics
56:46 Bodkin Arrow
57:25 Heavy Plow
Dani Mocanu
10:32 Feudal Age
11:22 Loom
11:58 Double-Bit Axe
13:29 Wheelbarrow
12:51 Gold Mining
16:58 Horse Collar
22:11 Castle Age
21:37 Bloodlines
21:35 Scale Barding Armor
21:42 Forging
23:18 Husbandry
23:48 Bow Saw
30:33 Chain Barding Armor
30:49 Iron Casting
32:40 Hand Cart
39:26 Imperial Age
37:50 Padded Archer Armor
37:58 Caravan
39:08 Heavy Camel Rider
42:42 Plate Barding Armor
43:08 Blast Furnace
42:12 Heavy Plow
43:45 Crop Rotation
43:56 Gold Shaft Mining
44:23 Two-Man Saw
43:30 Elite War Elephant
45:21 Leather Archer Armor
44:57 Fletching
45:33 Stone Mining
46:10 Guilds
48:19 Kamandaran
56:54 Ring Archer Armor
56:20 Bodkin Arrow
56:34 Thumb Ring
55:50 Crossbowman
tuck205
1:01 Loom
13:13 Feudal Age
14:58 Wheelbarrow
14:05 Horse Collar
14:14 Double-Bit Axe
26:52 Castle Age
24:50 Gold Mining
25:07 Stone Mining
25:38 Man-at-Arms
26:04 Arson
27:02 Pikeman
28:17 Hand Cart
28:09 Heavy Plow
28:59 Bow Saw
32:10 Fortified Wall
33:13 Masonry
33:24 Caravan
38:18 Imperial Age
37:34 Murder Holes
38:03 Ballistics
40:45 Chemistry
40:09 Conscription
40:12 Forging
40:04 Scale Mail Armor
41:54 Arquebus
44:10 Iron Casting
43:51 Chain Mail Armor
45:11 Crop Rotation
46:08 Two-Man Saw
44:59 Halberdier
45:45 Elite Organ Gun
47:35 Blast Furnace
58:30 Siege Engineers
58:56 Architecture
Connection lost

Rejoining the realm…

Still unreachable

The connection could not be restored.

Session expired

The server has moved on; the page needs a fresh start.